 Dungeon Crawl Stone Soup version 0.30.0-5-g1a98f26d00 (webtiles) character file.

Game seed: 7381591721208014874

3185 Gabide the Grappler (level 9, -1/72 HPs)
             Began as a Mummy Berserker on May 8, 2023.
             Was an Elder of Trog.
             Slain by an orc
             ... wielding a +0 trident
              (5 damage)
             ... on level 8 of the Dungeon.
             The game lasted 00:20:11 (8728 turns).

Gabide the Grappler (Mummy Berserker)               Turns: 8728, Time: 00:20:12

Health: -1/72      AC:  7    Str: 25    XL:     9   Next: 64%
Magic:  9/9        EV: 13    Int:  6    God:    Trog [****..]
Gold:   807        SH:  0    Dex: 11    Spells: 8/8 levels left

rFire   x .          .
                       - Unarmed
rCold   + . .        (no shield)
rNeg    + + +        d - +0 ring mail
rPois   ∞            (no helmet)
rElec   .            (no cloak)
rCorr   .            h - +1 pair of gloves
SInv    .            (no boots)
Will    +++..        (no amulet)
Stlth   +            (no ring)
HPRegen 1.32/turn    (no ring)
MPRegen 0.11/turn

%: faith
@: strong-willed, regenerating
A: cold resistance 1, negative energy resistance 3, torment resistance 2, heat
vulnerability 1, in touch with death 1, no potions, faith
a: Renounce Religion, Trog's Hand, Brothers in Arms


You were on level 8 of the Dungeon.
You worshipped Trog.
Trog was greatly pleased with you.
You visited 1 branch of the dungeon, and saw 8 of its levels.
You also visited: Sewer.

You collected 807 gold pieces.

Inventory:

Hand Weapons
 k - the +8 hand axe of the Bursting Wasp {flame, *Noise rElec rPois Str+3}
   (You found it on level 5 of the Dungeon)

   Str:       It affects your strength (+3).
   rElec:     It insulates you from electricity.
   rPois:     It protects you from poison.
   *Noise:    It may make noises in combat.
Missiles
 g - 11 boomerangs (quivered)
Armour
 d - a +0 ring mail (worn)
 h - a +1 pair of gloves (worn)
 m - the +0 robe "Uxeoc" {Str+4 Archmagi}
   (You found it in a sewer)

   Str:       It affects your strength (+4).
   Archmagi:  It increases the power of your magical spells.
Wands
 j - a wand of acid (9)
 l - a wand of flame (37)
 n - a wand of polymorph (14)
Scrolls
 a - 5 scrolls of magic mapping
 b - 2 scrolls of immolation
 c - 2 scrolls of blinking
 e - 10 scrolls of teleportation
 f - a scroll of silence
 i - 4 scrolls of identify
 p - a scroll of noise {unknown}


   Skills:
 + Level 7.4 Fighting
 - Level 1.5 Armour
 + Level 5.8 Dodging
 * Level 8.5 Unarmed Combat


You had 8 spell levels left.
You didn't know any spells.
Your spell library was empty.

Dungeon Overview and Level Annotations

Branches:
Dungeon (8/15)             Temple (0/1) D:7           Sewer (visited)
   Lair: D:8-11

Altars:
Ru
Sif Muna


Innate Abilities, Weirdness & Mutations

You are immune to poison.
Your flesh is cold resistant. (rC+)
You are immune to negative energy. (rN+++)
You are immune to unholy pain and torment.
You are vulnerable to heat. (rF-)
You are in touch with the powers of death.
You do not drink.
You have a special connection with the divine. (Faith)


Message History

Reactivating autopickup.
The sky beast barely misses you. The orc hits you but does no damage.
You punch the orc priest!
The orc priest is almost dead.
The sky beast closely misses you. The orc completely misses you.
The orc priest begins to cast a cantrip, but forgets the words!
You completely miss the sky beast. Your punch misses the sky beast.
The sky beast is heavily wounded.
You hit the sky beast.
The sky beast is heavily wounded.
The orc hits you from afar with a +0 trident.
The sky beast flickers out of sight!
Deactivating autopickup; reactivate with Ctrl-A.
Something hits you but does no damage. The orc priest misses you.
You closely miss the orc priest.
The orc priest is almost dead.
The orc hits you but does no damage. Something hits you but does no damage.
The orc priest hits you with a +0 short sword.
You hit the orc priest.
You kill the orc priest!
Trog accepts your kill.
The sentinel's mark upon you fades away.
Something hits you but does no damage. The orc barely misses you.
You completely miss something. Something hits you but does no damage.
The orc hits you from afar with a +0 trident!
You closely miss something. Something hits you. Something shocks you.
* * * LOW HITPOINT WARNING * * *
The orc hits you from afar with a +0 trident.
* * * LOW HITPOINT WARNING * * *
You hit something. Something hits you but does no damage.
The orc hits you from afar with a +0 trident.
* * * LOW HITPOINT WARNING * * *
You barely miss something. You hit something but do no damage.
Your punch misses something. Something hits you.
* * * LOW HITPOINT WARNING * * *
Something shocks you.
* * * LOW HITPOINT WARNING * * *
The orc hits you from afar with a +0 trident.
You die...

###...###
#.......#
#.#...#.#
######.##......
#FF.y...####..#
#o####..####..#
#o####....Y..Y#
#{##........#.
#@##.##.......
#)##.##..##.#.
#........# ...
##.######.# ..
#.<.# .#
###.).### ..
#.......# ..
#.......#
#.......#


You could see 2 bullfrogs and 2 orcs.

Vanquished Creatures
  Prince Ribbit (D:6)
  A wyvern (D:7)
  Menkaure (D:5)
  3 water moccasins
  An ice beast (D:6)
  An ogre (D:6)
  2 phantoms
  A centaur (D:7)
  3 bullfrogs
  A gnoll sergeant (D:7)
  4 scorpions
  5 killer bees
  A howler monkey (D:6)
  2 jellies
  6 orc priests
  A hound (D:6)
  A gnoll bouda (D:7)
  A sleepcap (D:5)
  9 iguanas
  Natasha (D:2)
  3 orc wizards
  11 gnolls
  9 adders
  2 shadow imps (D:6)
  2 white imps
  3 ufetubi
  2 worms (D:5)
  4 dart slugs
  27 orcs
  4 endoplasms
  15 giant cockroaches
  2 goblins
  4 hobgoblins
  7 jackals (D:3)
  9 quokkas
  10 ball pythons
  4 bats (D:1)
  13 frilled lizards
  8 kobolds
  6 rats
191 creatures vanquished.

Vanquished Creatures (collateral kills)
  An ogre (D:5)
  A hound (D:5)
  A gnoll bouda (D:5)
  2 orc wizards (D:5)
  A gnoll (D:5)
  An orc (D:5)
7 creatures vanquished.

Grand Total: 198 creatures vanquished

Notes
Turn   | Place    | Note
-------+----------+-------------------------------------------
     0 | D:1      | Gabide the Mummy Berserker began the quest for the Orb.
     0 | D:1      | Reached XP level 1. HP: 18/18 MP: 1/1
   166 | D:1      | Reached XP level 2. HP: 10/24 MP: 2/2
   581 | D:1      | Reached skill level 3 in Unarmed Combat
   639 | D:1      | Reached ** piety under Trog
   664 | D:1      | Gained mutation: You are in touch with the powers of death.
                  | [Mummy growth]
   664 | D:1      | Reached XP level 3. HP: 29/29 MP: 3/3
  1455 | D:2      | Found a faded altar of an unknown god.
  1542 | D:2      | Noticed Natasha
  1558 | D:2      | Killed Natasha
  1559 | D:2      | Reached XP level 4. HP: 15/36 MP: 4/4
  1718 | D:2      | You fall into a shaft and drop 2 floors!
  1742 | D:4      | Noticed a scorpion
  2116 | D:3      | Reached *** piety under Trog
  2132 | D:3      | Reached XP level 5. HP: 42/42 MP: 5/5
  2808 | D:3      | Reached skill level 4 in Unarmed Combat
  3017 | D:4      | Reached XP level 6. HP: 44/48 MP: 6/6
  3306 | D:4      | Identified the +6 spear of Truncation {pain, rC+ Will+}
  3521 | D:5      | Entered Level 5 of the Dungeon
  3716 | D:5      | Found a shimmering blue altar of Sif Muna.
  3749 | D:5      | Reached skill level 5 in Unarmed Combat
  3763 | D:5      | Identified the +8 hand axe of the Bursting Wasp {flame,
                  | *Noise rElec rPois Str+3}
  3871 | D:5      | Found a glowing drain.
  3892 | D:5      | Reached XP level 7. HP: 28/55 MP: 7/7
  3904 | Sewer    | Entered a sewer
  4201 | Sewer    | Reached **** piety under Trog
  4417 | Sewer    | Reached skill level 5 in Fighting
  4417 | Sewer    | Identified the +0 robe "Uxeoc" {Str+4 Archmagi}
  4779 | D:5      | Noticed Menkaure
  5102 | D:5      | Reached skill level 6 in Unarmed Combat
  5142 | D:5      | Killed Menkaure
  5143 | D:5      | Reached XP level 8. HP: 63/63 MP: 8/8
  5795 | D:6      | Found a sacrificial altar of Ru.
  6353 | D:6      | Reached skill level 7 in Unarmed Combat
  6465 | D:6      | Reached skill level 5 in Dodging
  6720 | D:6      | Reached XP level 9. HP: 71/71 MP: 9/9
  6841 | D:7      | Noticed Prince Ribbit
  6913 | D:6      | Killed Prince Ribbit
  7749 | D:7      | Reached skill level 8 in Unarmed Combat
  7782 | D:7      | Found a staircase to the Ecumenical Temple.
  8728 | D:8      | Slain by an orc

Illustrated notes

Levels and vault maps discovered:
D:1:      ebering_trefoil_3fold, layout_loops_corners, nicolae_eternal_life
D:2:      layout_basic, dreamdust_ecumenical_altar_statues, uniq_natasha
D:3:      minmay_skewed_foursquare, layout_loops_cross, minmay_between
D:4:      layout_cave_pools, serial_column_ruins, column_ruins_square_medium,
          column_ruins_courtyard_long, column_ruins_columns_water,
          column_ruins_grid_3, column_ruins_corridor_straight,
          column_ruins_open_tiny, column_ruins_corridor_straight,
          column_ruins_columns_corner
D:5:      layout_loops_ring, overflow_temple_1_default,
          cheibrodos_sewer_entry_bend, uniq_menkaure
D:6:      minmay_polygon_palace, layout_basic, general_overflow_altar
D:7:      layout_basic, minmay_temple_entry_overgrown, minmay_holes,
          uniq_prince_ribbit1
D:8:      layout_loops_cross, serial_shops, kennysheep_little_box

Skill      XL: |  1  2  3  4  5  6  7  8  9 |
---------------+----------------------------+-----
Unarmed Combat | 3 4 5 6 7 8 |  8.5
Dodging        | 2 3 4 5 |  5.8
Fighting       | 4 5 6 7 |  7.4
Armour         | |  1.5

Action                     |  1- 3 |  4- 6 |  7- 9 || total
---------------------------+-------+-------+-------++-------
  Melee: Unarmed           |   135 |   294 |   495 ||   924
         Punch             |     5 |    13 |    31 ||    49
  Throw: Boomerang         |       |       |    11 ||    11
 Invoke: Trog's Hand       |     1 |     4 |    12 ||    17
         Brothers in Arms  |       |       |     2 ||     2
  Evoke: Wand              |       |       |     8 ||     8
    Use: Scroll            |     3 |     6 |     5 ||    14
 Armour: Animal skin       |     1 |       |       ||     1
         Ring mail         |    36 |   126 |   134 ||   296
  Dodge: Dodged            |    75 |   210 |   289 ||   574
